 Dungeon Crawl Stone Soup version 0.32-a0-818-gb728d0252e (webtiles) character file.

Game seed: 13537978059249963719

13157 cforsyth the Nimble (level 11, -1/66 HPs)
             Began as a Deep Elf Earth Elementalist on Mar 24, 2024.
             Slain by a warg (9 damage)
             ... on level 11 of the Dungeon.
             The game lasted 00:24:39 (12016 turns).

cforsyth the Nimble (Deep Elf Earth Elementalist)  Turns: 12016, Time: 00:24:40

Health: -1/66      AC: 14    Str:  8    XL:     11   Next: 71%
Magic:  7/34       EV: 15    Int: 25    God:
Gold:   263        SH:  0    Dex: 11    Spells: 18/26 levels left

rFire   . . .        O - +10 mace of Onizy {freeze, rN+ Str+3 Dex-4}
rCold   . . .        (no shield)
rNeg    + + .        n - +2 robe {Will+}
rPois   .            l - +1 hat
rElec   +            m - +0 cloak
rCorr   +            G - +2 pair of gloves
SInv    .            p - +0 pair of boots "Lonnuqave" {-Tele rElec rCorr MP+9}
Will    ++...        o - amulet of magic regeneration
Stlth   +++          N - ring of positive energy
HPRegen 0.31/turn    T - +4 ring of protection
MPRegen 0.64/turn

%: no teleportation
@: no status effects
A: no striking features
a: no special abilities


You were on level 11 of the Dungeon.
You visited 1 branch of the dungeon, and saw 12 of its levels.
You also visited: Ossuary.

You collected 557 gold pieces.
You spent 294 gold pieces at shops.


   Skills:
 + Level 6.9 Fighting
 + Level 12.1 Dodging
 - Level 7.7 Stealth
 - Level 8.0 Spellcasting
 - Level 6.1 Conjurations
 + Level 8.9 Summonings
 - Level 7.0 Earth Magic


You had 18 spell levels left.
You knew the following spells:

 Your Spells              Type           Power      Damage    Failure   Level
w - Stone Arrow           Conj/Erth      86%        3d12      1%          3
z - Sandblast             Erth           90%        2d19      1%          1
X - Brom's Barrelling Bo  Conj/Erth      43%        2d6       4%          4

Your spell library contained the following spells:

 Spells                   Type           Power      Damage    Failure   Level
 Call Imp                 Summ           100%       N/A       1%          2
 Passwall                 Erth           45%        N/A       1%          3
 Summon Ice Beast         Ice/Summ       32%        N/A       3%          3
 Hailstorm                Conj/Ice       25%        3d7       5%          3
 Freeze                   Ice            40%        1d6       6%          1
 Sublimation of Blood     Necr           10%        N/A       9%          2
 Petrify                  Alch/Erth      27%        N/A       14%         4
 Frozen Ramparts          Ice            20%        1d4       19%         3
 Summon Mana Viper        Hex/Summ       32%        N/A       26%         5
 Monstrous Menagerie      Summ           26%        N/A       78%         7
 Summon Hydra             Summ           26%        N/A       78%         7

Inventory:

Hand Weapons
 O - the +10 mace of Onizy (weapon) {freeze, rN+ Str+3 Dex-4}
   (You bought it in a shop on level 10 of the Dungeon)

   Str+3:     It affects your strength (+3).
   Dex-4:     It affects your dexterity (-4).
   rN+:       It protects you from negative energy.
Missiles
 J - 3 throwing nets {=f}
Armour
 h - the +2 helmet of the Big Bang {rElec rF- Dex+2}
   (You took it off Robin on level 3 of the Dungeon)

   Dex+2:     It affects your dexterity (+2).
   rF-:       It makes you vulnerable to fire.
   rElec:     It insulates you from electricity.
 l - a +1 hat (worn)
 m - a +0 cloak (worn)
 n - a +2 robe of willpower (worn)
 p - the +0 pair of boots "Lonnuqave" (worn) {-Tele rElec rCorr MP+9}
   (You found it on level 4 of the Dungeon)

   rElec:     It insulates you from electricity.
   MP+9:      It affects your magic capacity (+9).
   -Tele:     It prevents most forms of teleportation.
   rCorr:     It protects you from acid and corrosion.
 G - a +2 pair of gloves (worn)
Magical Staves
 F - a staff of earth {!a}
 M - a staff of fire {!a}
Jewellery
 o - an amulet of magic regeneration (around neck)
 w - the ring "Woaneaff" {Fire rPois rN+ Int+3}
   (You found it in an ossuary)

   [ring of fire]

   Fire:      It enhances your fire magic.
   Int+3:     It affects your intelligence (+3).
   rF+:       It protects you from fire.
   rC-:       It makes you vulnerable to cold.
   rPois:     It protects you from poison.
   rN+:       It protects you from negative energy.
 K - an amulet of the acrobat
 L - a ring of flight
 N - a ring of positive energy (left hand)
 T - a +4 ring of protection (right hand)
Wands
 d - a wand of warping (16)
 j - a wand of mindburst (9)
 C - a wand of flame (18)
 H - a wand of charming (3)
Scrolls
 e - 2 scrolls of teleportation {@r2}
 r - a scroll of acquirement
 t - 3 scrolls of noise {unknown}
 u - a scroll of torment
 v - 4 scrolls of vulnerability
 x - 3 scrolls of blinking
 y - 2 scrolls of enchant armour {unknown}
 A - a scroll of silence {unknown}
 B - a scroll of fog {unknown}
 D - 3 scrolls of immolation {unknown}
Potions
 a - 3 potions of enlightenment
 b - 2 potions of magic
 f - 5 potions of haste {@q3}
 g - 3 potions of lignification
 i - 2 potions of mutation
 k - a potion of ambrosia
 q - 2 potions of attraction
 s - 8 potions of curing {@q1}
 z - a potion of berserk rage {!q}
 E - 2 potions of brilliance
 I - a potion of cancellation
 Q - a potion of invisibility {unknown}

Dungeon Overview and Level Annotations

Branches:
Dungeon (12/15)            Temple (0/1) D:4            Lair (0/5) D:10
Ossuary (visited)
    Orc: D:9-12

Altars:
Kikubaaqudgha
Trog
Xom
Yredelemnul
Zin

Shops:
D:1 ?   D:8 :   D:10 ([*[(

Portals:
Trove: D:10 (give 4 potions of resistance)

Annotations:
D:4 1 runed translucent door, Crazy Yiuf
D:11 2 transporters, AutarchDCSS's ghost, journeyman DrFi
D:12 Snorg

########
##......###############
.#......#..^..........#
.'......#.............#
.#......#......h.†....#
.#......#......(@.....#
.#......#......(.)....#
.#......#.............#
.#......##.....##########
#
.#.......#.....####..#..#
#
.#.......#..............#
#
.#.......#..............#
#
.#.......#..............#
#
.#.......#..............#
#


You could see a warg.


Message History

Press: ? - help, Shift-Dir - straight line, f/p - slime creature
Aim: a slime creature (moderately wounded, 95% to hit)
The stone arrow hits the slime creature!!
The slime creature is severely wounded.
The warg bites you.
* * * LOW HITPOINT WARNING * * *
The slime creature hits you but does no damage.
The warg bites you!
* * * LOW HITPOINT WARNING * * *
Unknown command.
Casting: Stone Arrow (safe; 1% risk of failure)
Confirm with . or Enter, or press ? or * to list all spells.
Aiming: Stone Arrow (safe; 1% risk of failure)
Press: ? - help, Shift-Dir - straight line, f/p - slime creature
Aim: a slime creature (severely wounded, 95% to hit)
The stone arrow hits the slime creature!
The slime creature is almost dead.
The warg bites you.
* * * LOW HITPOINT WARNING * * *
The slime creature misses you.
Unknown command.
Casting: Stone Arrow (safe; 1% risk of failure)
Confirm with . or Enter, or press ? or * to list all spells.
Aiming: Stone Arrow (safe; 1% risk of failure)
Press: ? - help, Shift-Dir - straight line, f/p - slime creature
Aim: a slime creature (almost dead, 95% to hit)
The stone arrow hits the slime creature!!
You kill the slime creature!
The warg bites you!
You die...

Skill      XL: |  1  2  3  4  5  6  7  8  9 10 11 |
---------------+----------------------------------+-----
Stealth        | 3 4 5 7 |  7.7
Dodging        | 3 4 5 6 8 10 12 | 12.1
Conjurations   | 2 3 4 5 6 |  6.1
Spellcasting   | 4 5 6 7 8 |  8.0
Earth Magic    | 4 5 6 7 |  7.0
Fighting       | 3 5 6 |  6.9
Summonings     | 3 7 8 |  8.9

Action                     |  1- 3 |  4- 6 |  7- 9 | 10-12 || total
---------------------------+-------+-------+-------+-------++-------
  Melee: Unarmed           |     3 |       |    13 |     2 ||    18
   Cast: Sandblast         |    71 |    62 |     1 |     2 ||   136
         Stone Arrow       |       |     9 |   206 |   176 ||   391
  Evoke: Wand              |       |     1 |     3 |     3 ||     7
    Use: Scroll            |     2 |     5 |     9 |     3 ||    19
         Potion            |       |       |       |     2 ||     2
   Stab: Betrayed ally     |       |       |     1 |       ||     1
 Armour: Robe              |    18 |    27 |    49 |   112 ||   206
  Dodge: Dodged            |    19 |    29 |    69 |   101 ||   218

Levels and vault maps discovered:
D:1:      dpeg_arrival_shrine, layout_loops_ring, serial_shops, shop,
          serial_rivers, chequers_serial_rivers_large_a,
          chequers_serial_rivers_micro_c, chequers_serial_rivers_micro_b,
          chequers_serial_rivers_small_3, chequers_serial_rivers_large_b,
          st_stairs_5, minmay_statues_item, minmay_misc_feat_pillars,
          minmay_pentomino_o2
D:2:      kennysheep_big_flooded_room, layout_basic
D:3:      layout_rooms, minivault_5, uniq_robin, uniq_sigmund
D:4:      layout_cave_pools, minmay_temple_entry_grid,
          mainiacjoe_ossuary_entry_dusty_tomb, uniq_crazy_yiuf_cottage,
          uniq_menkaure, uniq_grinder
D:5:      layout_basic, nicolae_overflow_two_pavilions
D:6:      nicolae_cairo_tiling, layout_loops_corners
D:7:      layout_loops_ring, trog_book, zin_angel, kennysheep_vampire_church
D:8:      layout_basic, serial_shops, shop
D:9:      layout_basic, serial_library_hellmonk_small_corner,
          nzn_sisyphean_effort
D:10:     layout_loops_cross, david_lair_shrubbed, serial_shops,
          nicolae_shop_trees, shop, shop, nicolae_shop_just_a_little_nook,
          nicolae_lakefront_shop, nicolae_trove_entry_path_of_doom
D:11:     layout_gridville, nzn_ghost_randoct
D:12:     layout_rooms, minmay_orc_entry_guard_dogs, uniq_snorg

Notes
Turn   | Place    | Note
-------+----------+-------------------------------------------
     0 | D:1      | cforsyth the Deep Elf Earth Elementalist began the quest
                  | for the Orb.
     0 | D:1      | Reached XP level 1. HP: 10/10 MP: 6/6
   138 | D:1      | Reached XP level 2. HP: 15/15 MP: 4/8
   372 | D:1      | Reached skill level 3 in Stealth
   372 | D:1      | Reached XP level 3. HP: 11/19 MP: 0/9
   685 | D:1      | Reached skill level 3 in Dodging
   781 | D:1      | Found Emoc's Magic Scroll Boutique.
   786 | D:1      | Bought a scroll of identify for 22 gold pieces
  1861 | D:2      | Reached skill level 2 in Conjurations
  2072 | D:3      | Reached XP level 4. HP: 24/24 MP: 7/11
  2369 | D:3      | Identified the +2 helmet of the Big Bang {rElec rF- Dex+2}
  2369 | D:3      | Noticed Robin
  2435 | D:3      | Reached skill level 4 in Spellcasting
  2450 | D:3      | Reached skill level 4 in Earth Magic
  2539 | D:3      | Killed Robin
  2660 | D:3      | Reached XP level 5. HP: 24/28 MP: 10/13
  2708 | D:3      | Noticed Sigmund
  2802 | D:3      | Killed Sigmund
  2803 | D:3      | Reached skill level 4 in Dodging
  2803 | D:3      | Reached skill level 4 in Stealth
  2803 | D:3      | Reached skill level 3 in Conjurations
  2803 | D:3      | Reached XP level 6. HP: 18/32 MP: 8/15
  3216 | D:4      | Identified the +0 pair of boots "Lonnuqave" {-Tele rElec
                  | rCorr MP+9}
  3249 | D:4      | Learned a level 3 spell: Stone Arrow
  3298 | D:4      | Reached skill level 5 in Spellcasting
  3298 | D:4      | Noticed Grinder
  3301 | D:4      | Paralysed by Grinder for 3 turns
  3309 | D:4      | Killed Grinder
  3310 | D:4      | Reached skill level 5 in Stealth
  3310 | D:4      | Reached skill level 5 in Earth Magic
  3310 | D:4      | Reached XP level 7. HP: 12/36 MP: 6/17
  3424 | D:4      | Found a sand-covered staircase.
  3434 | Ossuary  | Entered an ossuary
  3530 | Ossuary  | Reached skill level 4 in Conjurations
  3558 | Ossuary  | Reached skill level 5 in Dodging
  3717 | Ossuary  | Reached skill level 6 in Spellcasting
  3779 | Ossuary  | Reached XP level 8. HP: 41/41 MP: 19/19
  3862 | Ossuary  | Identified the ring "Woaneaff" {Fire rPois rN+ Int+3}
  4009 | D:4      | Reached skill level 6 in Stealth
  4036 | D:4      | Noticed Menkaure
  4040 | D:4      | Killed Menkaure
  4057 | D:4      | Found a staircase to the Ecumenical Temple.
  4478 | D:4      | Found a runed translucent door.
  4479 | D:4      | Noticed Crazy Yiuf
  4540 | D:5      | Entered Level 5 of the Dungeon
  4647 | D:5      | Reached skill level 6 in Earth Magic
  4687 | D:5      | Reached skill level 6 in Dodging
  4687 | D:5      | Reached skill level 5 in Conjurations
  4879 | D:5      | Found a shimmering altar of Xom.
  4879 | D:5      | Found a basalt altar of Yredelemnul.
  4977 | D:5      | Reached skill level 7 in Spellcasting
  5249 | D:6      | Identified a scroll of acquirement
  5352 | D:6      | Reached skill level 7 in Stealth
  5743 | D:6      | Reached XP level 9. HP: 45/45 MP: 22/22
  6508 | D:7      | Found a glowing silver altar of Zin.
  6508 | D:7      | Noticed an angel
  6749 | D:7      | Found a bloodstained altar of Trog.
  6871 | D:7      | Reached skill level 7 in Dodging
  6897 | D:7      | Found an ancient bone altar of Kikubaaqudgha.
  7026 | D:8      | Reached skill level 6 in Conjurations
  7121 | D:8      | Reached skill level 8 in Spellcasting
  7121 | D:8      | Reached skill level 7 in Earth Magic
  7159 | D:8      | Found Keqiez's Book Boutique.
  7172 | D:8      | Learned a level 4 spell: Brom's Barrelling Boulder
  7347 | D:8      | Reached skill level 1 in Fighting
  7348 | D:8      | Reached skill level 1 in Summonings
  7470 | D:8      | Reached skill level 2 in Summonings
  7473 | D:8      | Reached skill level 2 in Fighting
  7485 | D:8      | Reached skill level 8 in Dodging
  7768 | D:8      | Reached skill level 3 in Summonings
  8136 | D:9      | Reached skill level 3 in Fighting
  8144 | D:9      | Reached XP level 10. HP: 56/56 MP: 19/24
  8147 | D:9      | Reached skill level 4 in Summonings
  8319 | D:9      | Reached skill level 9 in Dodging
  8382 | D:9      | Noticed a boulder beetle
  8590 | D:9      | Noticed a two-headed ogre
  8594 | D:9      | Killed a two-headed ogre
  8595 | D:9      | Reached skill level 4 in Fighting
  8595 | D:9      | Reached skill level 5 in Summonings
  8655 | D:9      | Killed a boulder beetle
  8755 | D:10     | Entered Level 10 of the Dungeon
  8755 | D:10     | Found Syneam's Armour Shoppe.
  8912 | D:10     | Found Tablihaf's Antique Weapon Shoppe.
  8940 | D:10     | Reached skill level 10 in Dodging
  9007 | D:10     | Found a staircase to the Lair.
  9031 | D:10     | Reached skill level 6 in Summonings
  9067 | D:10     | Found Utrad's Antique Armour Shop.
  9148 | D:10     | Found Niymieck's Assorted Antiques.
  9159 | D:10     | Bought a crude mace for 272 gold pieces
  9159 | D:10     | Identified the +10 mace of Onizy {freeze, rN+ Str+3 Dex-4}
                  | (You bought it in a shop on level 10 of the Dungeon)
  9183 | D:10     | Noticed a two-headed ogre
  9187 | D:10     | Killed a two-headed ogre
  9188 | D:10     | Reached skill level 5 in Fighting
  9213 | D:10     | Found a portal to a secret trove of treasure.
  9346 | D:10     | Found Amaschaf's Weapon Boutique.
  9710 | D:11     | Found a transporter.
  9736 | D:11     | Noticed a manticore
  9756 | D:11     | Noticed a cyclops
  9757 | D:11     | Noticed a cyclops
  9757 | D:11     | Noticed a fire crab
  9781 | D:11     | Reached skill level 7 in Summonings
  9781 | D:11     | Reached XP level 11. HP: 64/64 MP: 21/25
  9828 | D:11     | Noticed AutarchDCSS's ghost (journeyman DrFi)
  9979 | D:11     | Found a transporter.
 10129 | D:11     | Noticed an entropy weaver
 10178 | D:11     | Noticed a boulder beetle
 10186 | D:11     | Killed a boulder beetle
 10187 | D:11     | Reached skill level 11 in Dodging
 10369 | D:12     | Noticed a boulder beetle
 10452 | D:12     | Noticed a centaur warrior
 10452 | D:12     | Noticed a purple ugly thing
 10552 | D:11     | Killed a purple ugly thing
 10553 | D:11     | Reached skill level 6 in Fighting
 10762 | D:12     | Noticed Snorg
 10948 | D:11     | Reached skill level 8 in Summonings
 11384 | D:11     | Killed a centaur warrior
 11637 | D:12     | Noticed a red ugly thing
 11972 | D:11     | Killed a boulder beetle
 11973 | D:11     | Reached skill level 12 in Dodging
 12010 | D:11     | Killed a purple ugly thing
 12012 | D:11     | HP: 5/66 [warg (12)]
 12016 | D:11     | Slain by a warg

Vanquished Creatures
  A centaur warrior (D:11)
  2 two-headed ogres
  3 boulder beetles
  2 ugly things (D:11)
  A gargoyle (D:11)
  2 komodo dragons
  2 kobold demonologists
  A guardian mummy (D:10)
  2 trolls (D:11)
  Grinder (D:4)
  A hornet (D:9)
  5 slime creatures
  Sigmund (D:3)
  2 wraiths
  A shadow (D:11)
  4 yaks
  2 wyverns
  A steam dragon (D:9)
  Menkaure (D:4)
  2 acid dragons
  2 black bears
  2 orc warriors
  A wolf (D:11)
  3 ogres
  6 centaurs
  A phantom (D:5)
  6 kobold brigands
  An elf zombie (Ossuary)
  A weeping skull (Ossuary)
  2 bullfrogs
  A gnoll sergeant (D:9)
  A scorpion (D:5)
  4 wights (D:9)
  2 burial acolytes (Ossuary)
  5 killer bees (D:8)
  3 howler monkeys
  2 vampire bats (D:7)
  A jelly (D:6)
  A centaur zombie (Ossuary)
  2 human zombies (Ossuary)
  5 hounds
  4 orc priests
  3 iguanas
  13 orc wizards
  2 hound zombies (Ossuary)
  2 mummies (Ossuary)
  Robin (D:3)
  9 gnolls
  9 adders
  A shadow imp (D:7)
  A white imp (D:6)
  2 ufetubi (D:5)
  2 dart slugs (D:1)
  2 ribbon worms
  36 orcs
  8 ball pythons
  4 bat skeletons (D:7)
  2 bat zombies (D:7)
  7 endoplasms
  2 giant cockroaches
  3 gnoll zombies (Ossuary)
  23 goblins
  8 hobgoblins
  10 jackals
  26 kobolds
  4 quokkas
  3 bats (D:1)
  6 frilled lizards
  4 orc zombies (Ossuary)
  3 rats
289 creatures vanquished.

Table legend: (Time is in decaauts)
 A = Elapsed time spent in this place.
 B = Non-inter-level travel time spent in this place.
 C = Inter-level travel time spent in this place.
 D = Time resting spent in this place.
 E = Time spent auto-exploring this place.
 F = Levels seen in this place.
 G = Mean time per level.
                   A        B        C        D        E       F      G
               +--------+--------+--------+--------+--------+-----+--------+
         Total |  12147 |  11671 |    476 |   1906 |   7617 |  13 |  934.4 |
       Dungeon |  11668 |  11192 |    476 |   1906 |   7231 |  12 |  972.3 |
       Ossuary |    479 |    479 |      0 |      0 |    386 |   1 |  479.0 |
               +--------+--------+--------+--------+--------+-----+--------+

Top non-repeatable levels by time:
    D:11: 2142 daAuts
     D:1: 1334 daAuts
     D:3: 1046 daAuts
     D:9: 935 daAuts
     D:2: 932 daAuts
     D:6: 930 daAuts
    D:10: 884 daAuts
     D:7: 874 daAuts
     D:4: 864 daAuts
     D:8: 797 daAuts
     D:5: 676 daAuts
 Ossuary: 479 daAuts
    D:12: 250 daAuts

Table legend:
 A = Non-vault XP
 B = Vault XP
 C = Vault XP percentage of total XP
 D = Non-vault monster count
 E = Vault monster count
 F = Vault count percentage of total count
                 A         B        C        D         E       F
            +---------+---------+-------+---------+---------+-------
      Total |   15960 |    3067 |  16.1 |     236 |      53 |  18.3
            +---------+---------+-------+---------+---------+-------
        D:1 |      55 |       7 |  11.3 |      32 |       4 |  11.1
        D:2 |      23 |       9 |  28.1 |      13 |       5 |  27.8
        D:3 |      79 |     254 |  76.3 |      19 |      11 |  36.7
        D:4 |     369 |     449 |  54.9 |      22 |       2 |   8.3
        D:5 |     623 |       0 |   0.0 |      20 |       0 |   0.0
        D:6 |     427 |       0 |   0.0 |      17 |       0 |   0.0
        D:7 |     378 |     126 |  25.0 |      14 |       8 |  36.4
        D:8 |    1441 |       0 |   0.0 |      28 |       0 |   0.0
        D:9 |    2827 |     816 |  22.4 |      25 |       1 |   3.8
       D:10 |    1074 |     766 |  41.6 |       7 |       3 |  30.0
       D:11 |    7150 |     111 |   1.5 |      31 |       1 |   3.1
       D:12 |    1514 |       0 |   0.0 |       8 |       0 |   0.0
    Ossuary |       0 |     529 | 100.0 |       0 |      18 | 100.0
            +---------+---------+-------+---------+---------+-------
